 Dungeon Crawl Stone Soup version 0.26-a0-1086-g9010512d90 (webtiles) character file.

Game seed: 13319312674236784986

1449 pkoi the Carver (level 8, -5/65 (70) HPs)
             Began as a Minotaur Monk on Dec 15, 2020.
             Was a Priest of Ru.
             Slain by an ogre
             ... wielding a +0 giant spiked club
              (22 damage)
             ... on level 8 of the Dungeon.
             The game lasted 00:08:40 (7572 turns).

pkoi the Carver (Minotaur Monk)                     Turns: 7572, Time: 00:08:41

HP:   -5/65 (70)    AC: 15    Str: 16 (18) XL:     8   Next: 46%
MP:   7/7           EV:  7    Int:  4 (7)  God:    Ru [***...]
Gold: 282           SH:  0    Dex: 10 (13) Spells: 7/7 levels left

rFire    . . .     SeeInvis .   a - +0 long sword
rCold    + . .     Faith    .   (no shield)
rNeg     . . .     Spirit   .   n - +0 chain mail
rPois    .         Reflect  .   (helmet restricted)
rElec    .         Harm     .   y - +1 cloak {rCorr}
rCorr    +         Rampage  .   A - +2 pair of gloves
Will     .....                  (no boots)
Stlth    ..........             d - amulet of inaccuracy
HPRegen  0.20/turn              r - ring of protection from cold
MPRegen  0.10/turn              (no ring)

@: drained
A: retaliatory headbutt, horns 2, hated by all, unskilled 1
a: Draw Out Power, Renounce Religion


You were on level 8 of the Dungeon.
You worshipped Ru.
Ru was most pleased with you.
You visited 1 branch of the dungeon, and saw 8 of its levels.

You collected 282 gold pieces.

Inventory:

Hand Weapons
 a - a +0 long sword (weapon)
 b - a +1 hunting sling
 j - a +0 falchion
Missiles
 k - 200 stones (quivered ammo)
 o - 91 sling bullets
 t - 2 curare-tipped darts
Armour
 n - a +0 chain mail (worn)
 y - a +1 cloak of preservation (worn)
 A - a +2 pair of gloves (worn)
Jewellery
 d - an amulet of inaccuracy (around neck)
 p - an uncursed amulet of the acrobat
 q - an uncursed amulet of magic regeneration
 r - a ring of protection from cold (left hand)
 s - an uncursed amulet of guardian spirit
Wands
 x - a wand of random effects (22)
Scrolls
 c - a scroll of amnesia
 e - 2 scrolls of remove curse
 f - 4 scrolls of identify
 h - 3 scrolls of magic mapping
Potions
 g - a potion of resistance
 i - a potion of mutation
 l - a potion of curing
 u - a potion of flight
 v - a potion of magic
 z - 3 potions of brilliance


   Skills:
 + Level 5.9 Fighting
 * Level 8.6 Long Blades
 - Level 4.0 Slings
 + Level 4.6 Armour
 - Level 3.0 Dodging
 - Level 1.4 Stealth


You had 7 spell levels left.
You didn't know any spells.
Your spell library contained the following spells:

 Spells                   Type           Power        Failure   Level
 Apportation              Tloc           #.....       100%        1
 Beastly Appendage        Tmut           #.....       100%        1
 Corona                   Hex            #......      100%        1
 Ensorcelled Hibernation  Hex/Ice        #.....       100%        2
 Slow                     Hex            #.......     100%        2
 Wereblood                Tmut           #.......     100%        2
 Confusing Touch          Hex            #.......     100%        3
 Dazzling Flash           Conj/Hex       #.....       100%        3
 Inner Flame              Hex/Fire       #.......     100%        3
 Portal Projectile        Hex/Tloc       #.....       100%        3
 Spider Form              Tmut/Pois      #.........   100%        3
 Cause Fear               Hex            #.........   100%        4
 Ice Form                 Ice/Tmut       #.......     100%        4
 Leda's Liquefaction      Hex/Erth       #.........   100%        4
 Blade Hands              Tmut           #.........   100%        5
 Animate Skeleton         Necr           Unusable     N/A         1
 Summon Small Mammal      Summ           Unusable     N/A         1
 Tukima's Dance           Hex            Unusable     N/A         3

Dungeon Overview and Level Annotations

Branches:
Dungeon (8/15)             Temple (0/1) D:6
   Lair: D:8-11

Altars:
Ashenzari
Cheibriados
Fedhas
Ru
Trog
Xom
Beogh

Shops:
D:5 *

Annotations:
D:3 3 runed translucent doors, Shayle's ghost, weakling PaNe
D:7 Harold; Maggie


Innate Abilities, Weirdness & Mutations

You reflexively headbutt those who attack you in melee.
You have a pair of horns on your head.
You are hated by all.
You are somewhat unskilled. (-1 Apt)


Message History

You focus your will and blind the orc priest in retribution!
Unknown command.
Unknown command.
You miss the orc priest. Your headbutt misses the orc priest.
The orc priest is severely wounded.
The ogre hits you with a +0 giant spiked club!
* * * LOW HITPOINT WARNING * * *
The orc priest hits you but does no damage.
Unknown command.
You are too injured to fight recklessly!
Unknown command.
You are too injured to fight recklessly!
Unknown command.
You are too injured to fight recklessly!
Unknown command.
You are too injured to fight recklessly!
You closely miss the orc priest.
The orc priest is severely wounded.
The ogre hits you with a +0 giant spiked club!!
You die...

# #######.#
####.......#
#........#
#.##.@o#
#.#..#O#
#.#..#ooo
#.#..#ooo..
#.#..#o....#
#.#..#$.$..#
#.#.########
#.#.#<..#
#.#.....#


You could see an ogre, an orc priest (blind) and 7 orcs.

Vanquished Creatures
  Menkaure (D:6)
  2 black bears (D:7)
  2 sky beasts (D:5)
  A phantom (D:7)
  2 ogres
  A howler monkey (D:6)
  Crazy Yiuf (D:6)
  A centaur zombie (D:5)
  2 hounds
  An orc priest (D:5)
  A centaur skeleton (D:6)
  4 orc wizards
  An iguana (D:5)
  4 worker ants
  A killer bee zombie (D:6)
  A hound skeleton (D:5)
  3 adders
  A gnoll (D:1)
  2 shadow imps
  2 white imps (D:6)
  An ufetubus (D:5)
  An ooze (D:1)
  An adder zombie (D:6)
  2 worms
  3 dart slugs
  7 leopard geckos
  21 orcs
  4 giant cockroaches
  8 goblins
  8 hobgoblins
  6 jackals
  A quokka (D:7)
  9 bats
  4 frilled lizards
  A giant cockroach zombie (D:5)
  7 kobolds
  A leopard gecko skeleton (D:6)
  10 rats
129 creatures vanquished.

Vanquished Creatures (others)
  A bullfrog (D:6)
  A leopard gecko (D:7)
  An orc (D:8)
3 creatures vanquished.

Grand Total: 132 creatures vanquished

Notes
Turn   | Place    | Note
-------+----------+-------------------------------------------
     0 | D:1      | pkoi the Minotaur Monk began the quest for the Orb.
     0 | D:1      | Reached XP level 1. HP: 19/19 MP: 0/0
   120 | D:1      | Reached skill level 4 in Long Blades
   165 | D:1      | Reached XP level 2. HP: 19/26 MP: 1/1
   394 | D:1      | Reached skill level 5 in Long Blades
   665 | D:1      | Reached XP level 3. HP: 31/31 MP: 2/2
  1145 | D:2      | Found a shimmering altar of Xom.
  1973 | D:3      | Found a sacrificial altar of Ru.
  1976 | D:3      | Reached XP level 4. HP: 39/40 MP: 3/3
  1979 | D:3      | Became a worshipper of Ru the Awakened
  1995 | D:3      | Gained mutation: You are somewhat unskilled. (-1 Apt) [Ru
                  | sacrifice]
  1995 | D:3      | Reached * piety under Ru
  1995 | D:3      | Reached ** piety under Ru
  2363 | D:3      | Found a snail-covered altar of Cheibriados.
  2363 | D:3      | Found a broken altar of Ashenzari.
  2699 | D:3      | Found a runed translucent gate.
  2699 | D:3      | Found a runed translucent gate.
  2699 | D:3      | Found a runed translucent gate.
  2702 | D:3      | Noticed Shayle's ghost (weakling PaNe)
  2711 | D:3      | Found a roughly hewn altar of Beogh.
  2938 | D:4      | Reached skill level 1 in Armour
  2950 | D:4      | Reached XP level 5. HP: 35/46 MP: 2/4
  3064 | D:4      | Reached skill level 1 in Slings
  3180 | D:4      | Found a blossoming altar of Fedhas.
  3197 | D:4      | Reached skill level 6 in Long Blades
  3967 | D:5      | Entered Level 5 of the Dungeon
  4205 | D:5      | Reached XP level 6. HP: 52/52 MP: 5/5
  4265 | D:5      | Found Kodwiw's General Store.
  4337 | D:5      | Noticed a sky beast
  4342 | D:5      | Noticed a sky beast
  4354 | D:5      | Killed a sky beast
  4375 | D:5      | Killed a sky beast
  4684 | D:5      | Reached XP level 7. HP: 52/60 MP: 4/6
  4759 | D:5      | Reached skill level 7 in Long Blades
  4867 | D:5      | Gained mutation: You are hated by all. [Ru sacrifice]
  4867 | D:5      | Reached *** piety under Ru
  5329 | D:6      | Reached skill level 5 in Fighting
  5381 | D:6      | Found a staircase to the Ecumenical Temple.
  5474 | D:6      | Found a runed translucent door.
  5475 | D:6      | Noticed Crazy Yiuf
  6025 | D:6      | Noticed Menkaure
  6041 | D:6      | Killed Menkaure
  6401 | D:6      | Reached skill level 8 in Long Blades
  6401 | D:6      | Reached XP level 8. HP: 51/69 MP: 7/7
  6802 | D:6      | Killed Crazy Yiuf
  6878 | D:7      | Found a bloodstained altar of Trog.
  7146 | D:7      | Noticed Maggie
  7146 | D:7      | Noticed Harold
  7166 | D:7      | HP: 3/65 [poisoned by Harold]
  7530 | D:8      | Found a roughly hewn altar of Beogh.
  7572 | D:8      | Slain by an ogre

Illustrated notes

Levels and vault maps discovered:
D:1:      mrwooster_arrival_statue, layout_rooms
D:2:      layout_basic, lemuel_coloured_pillars_altar,
          wad_floor_pattern_untrapped
D:3:      layout_loops_corners, amethyst_overflow_temple_binary,
          biasface_ghost_orc_armoury, hangedman_ru_absence
D:4:      minmay_door_path, layout_basic, lemuel_crystal_altar
D:5:      layout_loops_cross, serial_shops, shop, roderic_nine_men_s_morris,
          ebering_dispersal_statue_hall, kennysheep_generic_room_10
D:6:      kb_forest_paths, layout_basic, minmay_temple_entry_slanted,
          uniq_menkaure, uniq_crazy_yiuf_cottage
D:7:      layout_basic, trog_ov_bears_minmay, lemuel_old_faithful, uniq_harold,
          uniq_maggie, uniq_pikel
D:8:      layout_basic, serial_shops, shop_fountains, special_room
          [special_room_orc], serial_park_tiny_1

Skill      XL: |  1  2  3  4  5  6  7  8 |
---------------+-------------------------+-----
Long Blades    | 4 5 6 8 |  8.6
Armour         | 1 2 4 |  4.6
Slings         | 1 2 3 4 |  4.0
Fighting       | 4 5 |  5.9
Dodging        | |  3.0
Stealth        | |  1.4

Action                   |  1- 3 |  4- 6 |  7- 9 || total
-------------------------+-------+-------+-------++-------
Melee: Falchion          |   104 |   155 |    61 ||   320
       Headbutt          |    16 |    29 |    35 ||    80
       Long sword        |       |       |   136 ||   136
 Fire: Hunting sling     |       |     5 |    12 ||    17
Invok: Sacrifice Skill   |       |     1 |       ||     1
       Sacrifice Love    |       |       |     1 ||     1
       Draw Out Power    |       |       |     1 ||     1
  Use: Scroll            |       |    11 |     3 ||    14
       Potion            |       |     3 |     5 ||     8
 Stab: Sleeping          |     1 |       |       ||     1
       Invisible         |       |     2 |     3 ||     5
       Distracted        |       |       |     3 ||     3
Armor: Robe              |     5 |       |       ||     5
       Chain mail        |    12 |   104 |    81 ||   197
Dodge: Dodged            |    79 |    39 |    68 ||   186
       Rpst.: Falchion   |    17 |    15 |     9 ||    41
       Long sword        |       |       |     6 ||     6

Table legend: (Time is in decaauts)
 A = Elapsed time spent in this place.
 B = Non-inter-level travel time spent in this place.
 C = Inter-level travel time spent in this place.
 D = Time resting spent in this place.
 E = Time spent auto-exploring this place.
 F = Levels seen in this place.
 G = Mean time per level.
                   A        B        C        D        E       F      G
               +--------+--------+--------+--------+--------+-----+--------+
         Total |   7559 |   7171 |    388 |    850 |   5227 |   8 |  944.9 |
       Dungeon |   7559 |   7171 |    388 |    850 |   5227 |   8 |  944.9 |
               +--------+--------+--------+--------+--------+-----+--------+

Top non-repeatable levels by time:
     D:6: 1896 daAuts
     D:5: 1135 daAuts
     D:4: 1101 daAuts
     D:2: 1022 daAuts
     D:3: 926 daAuts
     D:1: 922 daAuts
     D:7: 494 daAuts
     D:8: 59 daAuts
